 Dungeon Crawl Stone Soup version 0.28-a0-1555-g9ae15a6949 (webtiles) character file.

Game seed: 10104573154160610846

616 Shayle the Insei (level 7, -3/53 HPs)
             Began as a Djinni Warper on Jan 19, 2022.
             Was an Initiate of Ashenzari.
             Slain by Edmund (10 damage)
             ... on level 5 of the Dungeon.
             The game lasted 00:17:49 (6006 turns).

Shayle the Insei (Djinni Warper)                    Turns: 6006, Time: 00:17:49

Health: -3/53      AC:  9    Str: 10    XL:     7   Next: 73%
Gold:   222        EV: 11    Int: 16    God:    Ashenzari [......] SH:  0 Dex: 13

rFire   + + .      SeeInvis .   s - +2 hand axe (vamp)
rCold   x . .      Faith    .   (no shield)
rNeg    . . .      Spirit   .   a - +1 leather armour
rPois   ∞          Reflect  .   (no helmet)
rElec   .          Harm     .   g - +0 cloak
rCorr   .          Rampage  .   (no gloves)
Will    .....                   (boots unavailable)
Stlth   ++........              (no amulet)
HPRegen 0.17/turn               e - +4 ring of protection
MPRegen 0.00/turn               l - ring of wizardry

@: flying
A: sickness immunity, fire resistance 2, cold vulnerability 1, float, innate
caster, hp casting, extra vitality 1
a: Renounce Religion, Curse Item


You were on level 5 of the Dungeon.
You worshipped Ashenzari.
Ashenzari was noncommittal.
You visited 2 branches of the dungeon, and saw 6 of its levels.
You also visited: Sewer.

You collected 222 gold pieces.

Inventory:

Hand Weapons
 j - a +0 war axe of distortion
 s - a +2 vampiric hand axe (weapon)
Missiles
 c - 5 boomerangs of dispersal (quivered)
 f - 20 poisoned darts
 o - 3 curare-tipped darts
 v - 2 boomerangs
Armour
 a - a +1 leather armour (worn)
 g - a +0 cloak (worn)
Jewellery
 e - a +4 ring of protection (left hand)
 l - a ring of wizardry (right hand)
Scrolls
 b - a scroll of blinking
 i - a scroll of enchant weapon {unknown}
 m - 2 scrolls of fog
 r - a scroll of teleportation
 t - 3 scrolls of identify {unknown}
 u - a scroll of immolation {unknown}
Potions
 d - 4 potions of curing {unknown}
 h - a potion of brilliance {unknown}
 k - 3 potions of resistance {unknown}
 n - a potion of attraction {unknown}
 q - a potion of lignification {unknown}


   Skills:
 + Level 4.8 Fighting
 - Level 0.7 Throwing
 - Level 1.0 Armour
 - Level 2.1 Dodging
 + Level 3.8 Stealth
 + Level 4.9 Unarmed Combat
 - Level 2.4 Spellcasting


You couldn't memorise any spells.
You knew the following spells:

 Your Spells              Type           Power      Damage    Failure   Level
a - Blink                 Tloc           18%        N/A       6%          2
b - Lesser Beckoning      Tloc           9%         N/A       12%         3
c - Gell's Gravitas       Tloc           9%         N/A       12%         3
d - Teleport Other        Tloc           9%         N/A       12%         3
e - Manifold Assault      Tloc           9%         N/A       69%         5
f - Foxfire               Conj/Fire      36%        2x1d5     4%          1
g - Call Imp              Summ           9%         N/A       6%          2
h - Swiftness             Air            9%         N/A       12%         3
Your spell library was empty.

Dungeon Overview and Level Annotations

Branches:
Dungeon (5/15)             Temple (1/1) D:4           Sewer (visited)

Altars:
Ashenzari
Cheibriados
Dithmenos
Elyvilon
Fedhas
Gozag
Hepliaklqana
Kikubaaqudgha
Makhleb
Nemelex Xobeh
Okawaru
Qazlal
Ru
Sif Muna
Trog
Uskayaw
Vehumet
Wu Jian
Xom
Yredelemnul
Zin
The Shining One

Annotations:
D:4 1 runed translucent door, Crazy Yiuf
D:5 Edmund


Innate Abilities, Weirdness & Mutations

You are immune to sickness and miasma.
You are immune to poison.
Your flesh is very heat resistant. (rF++)
You are vulnerable to cold. (rC-)
You float through the air rather than walking.
You learn spells naturally, not from books.
Your magical power is your life essence.
You have superior vitality. (+4 MHP)


Message History

Edmund closely misses you.
Casting: Call Imp (safe; 6% risk of failure)
Confirm with . or Enter, or press ? or * to list all spells.
A shadowy apparition takes form in the air.
Edmund closely misses you.
You hit Edmund.
Edmund is severely wounded.
Edmund says, "You wouldn't believe how much I paid for this flail."
Edmund hits you but does no damage.
You closely miss Edmund.
Edmund is severely wounded.
Edmund hits you with a +4 flail of protection.
Your shadow imp barely misses Edmund.
Edmund hits you with a +4 flail of protection.
You barely miss Edmund.
Edmund is severely wounded.
Your shadow imp hits Edmund.
Edmund hits your shadow imp with a +4 flail of protection.
You hit Edmund but do no damage.
Edmund is almost dead.
Your shadow imp misses Edmund.
Edmund hits you with a +4 flail of protection.
Your shadow imp hits Edmund but does no damage.
You hit Edmund but do no damage.
Edmund is almost dead.
Edmund hits you but does no damage.
Your shadow imp barely misses Edmund.
Edmund asks, "Have you met my wondrous brother?"
Edmund hits you with a +4 flail of protection!
* * * LOW HITPOINT WARNING * * *
Unknown command.
You hit Edmund but do no damage.
Edmund is almost dead.
Your shadow imp hits Edmund but does no damage.
Edmund barely misses you.
Unknown command.
You hit Edmund but do no damage. You punch Edmund, but do no damage.
Edmund is almost dead.
Your shadow imp closely misses Edmund.
Edmund hits you with a +4 flail of protection!
You die...

#.. #......#...: #..
#....###.. #..##.....#.#
#...........# .
#.#.........##..
#.#............_.
#..:........##...
#.......@...# ..
#.......@5..# #
#..............#
#...............
#...............
#....###>....... ##..##
......... ##
#######†##..........
.####...##.........##...
)...#...##.........


You could see Edmund (ally target) and a friendly shadow imp (summoned).

Vanquished Creatures
  An ogre (D:5)
  A kobold brigand (Sewer)
  A jelly (D:5)
  3 hounds
  A bullfrog skeleton (D:3)
  2 orc priests (D:4)
  2 iguanas
  A gnoll (D:1)
  5 adders
  4 worms
  5 dart slugs
  19 orcs
  5 ball pythons
  5 bats
  4 endoplasms
  4 giant cockroaches
  6 goblins
  6 hobgoblins
  3 jackals (Sewer)
  7 quokkas
  14 frilled lizards
  13 kobolds
  9 rats
121 creatures vanquished.

Vanquished Creatures (others)
  357 foxfires
  8 plants
365 creatures vanquished.

Grand Total: 486 creatures vanquished

Notes
Turn   | Place    | Note
-------+----------+-------------------------------------------
     0 | D:1      | Shayle the Djinni Warper began the quest for the Orb.
     0 | D:1      | Reached XP level 1. HP: 18/18 MP: 0/0
   120 | D:1      | Reached XP level 2. HP: 15/23 MP: 0/0
   580 | D:2      | Reached skill level 1 in Stealth
   598 | D:1      | Reached XP level 3. HP: 19/29 MP: 0/0
   598 | D:1      | Learned a level 1 spell: Foxfire
  1379 | D:1      | Found a faded altar of an unknown god.
  1408 | D:1      | Reached XP level 4. HP: 29/34 MP: 0/0
  2205 | D:2      | Reached XP level 5. HP: 12/40 MP: 0/0
  2205 | D:2      | Learned a level 2 spell: Call Imp
  3130 | D:3      | Found a glowing drain.
  3134 | Sewer    | Entered a sewer
  3227 | Sewer    | Noticed a kobold brigand
  3241 | Sewer    | Killed a kobold brigand
  3242 | Sewer    | Reached XP level 6. HP: 40/47 MP: 0/0
  3282 | Sewer    | Found a white marble altar of Elyvilon.
  3610 | D:4      | Found a staircase to the Ecumenical Temple.
  3614 | Temple   | Entered the Ecumenical Temple
  3946 | Temple   | Became a worshipper of Ashenzari the Shackled
  4327 | D:4      | Found a runed translucent door.
  4328 | D:4      | Noticed Crazy Yiuf
  4853 | D:4      | Reached XP level 7. HP: 48/52 MP: 0/0
  4853 | D:4      | Learned a level 3 spell: Swiftness
  5008 | D:5      | Entered Level 5 of the Dungeon
  5963 | D:5      | Noticed Edmund
  5982 | D:5      | Found a glowing silver altar of Zin.
  6006 | D:5      | Slain by Edmund

Illustrated notes

Levels and vault maps discovered:
D:1:      shiori_arrival_elements, layout_basic,
          chequers_ecumenical_altar_island, minmay_misc_feat_columns,
          minmay_lizard_king
D:2:      layout_loops_ring, minmay_misc_feat_enclosed
D:3:      layout_basic, gup_sewer_entry_spiral, chequers_big_river
D:4:      minmay_angry_zag, layout_rooms, minmay_temple_entry_glassed_door,
          uniq_crazy_yiuf_cottage
D:5:      wad_river_or_something, layout_cave_pools,
          mainiacjoe_overflow_alcove_2, serial_shops, shop, uniq_edmund
Temple:   mainiacjoe_temple_circle_huts

Skill      XL: |  1  2  3  4  5  6 |
---------------+-------------------+-----
Stealth        | 1 2 3 |  3.8
Unarmed Combat | 3 4 |  4.9
Fighting       | 3 4 |  4.8
Throwing       | |  0.7
Armour         | |  1.0
Dodging        | |  2.1
Spellcasting   | |  2.4

Action                   |  1- 3 |  4- 6 |  7- 9 || total
-------------------------+-------+-------+-------++-------
Melee: Unarmed           |    53 |    33 |     1 ||    87
       Punch             |     1 |       |     4 ||     5
       Hand axe          |       |       |    35 ||    35
 Cast: Foxfire           |    23 |   133 |    49 ||   205
       Call Imp          |       |       |     5 ||     5
       Blink             |       |       |     1 ||     1
  Use: Scroll            |       |     2 |     4 ||     6
       Potion            |       |       |     2 ||     2
 Stab: Sleeping          |       |     1 |       ||     1
       Distracted        |       |       |     1 ||     1
Armor: Leather armour    |    14 |    22 |    18 ||    54
Dodge: Dodged            |    32 |    44 |    67 ||   143

Table legend: (Time is in decaauts)
 A = Elapsed time spent in this place.
 B = Non-inter-level travel time spent in this place.
 C = Inter-level travel time spent in this place.
 D = Time resting spent in this place.
 E = Time spent auto-exploring this place.
 F = Levels seen in this place.
 G = Mean time per level.
                   A        B        C        D        E       F      G
               +--------+--------+--------+--------+--------+-----+--------+
         Total |   6015 |   5790 |    225 |   1311 |   2873 |   7 |  859.3 |
       Dungeon |   5456 |   5286 |    170 |   1311 |   2501 |   5 | 1091.2 |
        Temple |    354 |    299 |     55 |      0 |    277 |   1 |  354.0 |
         Sewer |    204 |    204 |      0 |      0 |     95 |   1 |  204.0 |
               +--------+--------+--------+--------+--------+-----+--------+

Top non-repeatable levels by time:
     D:4: 1430 daAuts
     D:1: 1356 daAuts
     D:2: 1277 daAuts
     D:3: 760 daAuts
     D:5: 631 daAuts
  Temple: 354 daAuts
   Sewer: 204 daAuts
